[Event "French-ch Youth U18 2022"]
[Site "Agen"]
[Date "2022.04.21"]
[Round "6.6"]
[White "Bellahcene, Sofia"]
[Black "Moracchini, Margaux"]
[Result "1/2-1/2"]
[ECO "B75"]
[WhiteElo "1813"]
[BlackElo "1994"]
[Annotator "TA"]
[PlyCount "92"]
[EventDate "2022.04.17"]
[EventType "swiss"]
[EventCountry "FRA"]
[SourceTitle "playchess.com"]
[Source "ChessBase"]
[SourceQuality "1"]
[TimeControl "5400+30"]

1. e4 c5 2. Nf3 d6 3. d4 cxd4 4. Nxd4 Nf6 5. Nc3 g6 6. Be3 Bg7 7. f3 a6 8. Qd2 h5 {[%emt 0:01:27] B75: Sicilian Dragon: Yugoslav Attack, Miscellaneous.} 9. a4 b6 10. Nd5 {[%emt 0:06:13][%cal Od4b5] [#]} (10. a5) (10. a5 $5 ) 10... Nxd5 $146 {[%emt 0:09:22] White is slightly better.} ({Predecessor:} 10... Nfd7 11. Bg5 Nf6 12. Nxf6+ exf6 13. Bf4 Bb7 14. Bc4 d5 15. exd5 Bxd5 16. Qe2+ Kf8 {1-0 (27) Burkhardt,E-Kauder,H Soemmerda 1950}) 11. exd5 Bb7 12. c4 {[%emt 0:04:23] 0x0.00249b13221edp-1022s more active pieces.} Nd7 13. f4 (13. Bd3 $16) 13... O-O (13... e5 $11 14. dxe6 Nc5) 14. f5 (14. Be2 $14) 14... Nc5 15. Ra3 {[%emt 0:17:26] [#]} (15. b4 $11 {keeps the balance.}) 15... e5 ({Black should try} 15... e6 $1 $17 16. Bg5 Qe8) 16. fxe6 (16. Nc6 $1 $11 {remains equal.} Bxc6 17. dxc6) 16... fxe6 $17 17. Bg5 (17. Nf3 $17) 17... Bf6 (17... Qe8 $19 18. Nxe6 Nxe6 19. dxe6 Qxe6+ 20. Be2 Qe4) 18. Bh6 (18. Nxe6 $17 Nxe6 19. Bxf6 Qxf6 20. dxe6) 18... Re8 $15 ({Much worse is} 18... exd5 $6 19. Bxf8 Qxf8 20. cxd5 $17) 19. Be2 exd5 {[%emt 0:12:18] Strongly threatening ...Re4.} 20. O-O Ne4 {[%emt 0:01:50] Against Rg3} 21. Qd1 Qc7 22. Raf3 Bxd4+ 23. Qxd4 Qc5 24. Qxc5 Nxc5 {[%emt 0:00:55][%mdl 64] [#] Discovered Attack} 25. Bd1 {[%emt 0:01:59] A strong pair of Bishops.} (25. R3f2 $5 ) 25... dxc4 ({Much less strong is} 25... Kh7 26. Be3 dxc4 27. Rf7+ Kg8 28. Bxc5 $16) 26. Rf7 Be4 $1 27. g4 Bd3 28. Rg7+ Kh8 29. Rff7 {[%emt 0:00:36] Threatening mate with Rh7+.} Ne6 30. Rh7+ Kg8 {[%emt 0:00:03] ...g5 is the strong threat.} 31. Bf3 {[%emt 0:01:24] Intending Bd5 and mate.} g5 32. Rhg7+ Nxg7 33. Rxg7+ Kh8 {[%emt 0:00:09] aiming for ...Be4.} 34. Bxa8 {[%emt 0:00:06] Black must now prevent Ra7.} Rxa8 35. gxh5 $11 {[%emt 0:01:05][%mdl 4096] Endgame KRB-KRB} b5 {[%emt 0:02:20][%cal Oc4c3] Threatens to win with ...c3!} 36. axb5 axb5 37. Rxg5 (37. Rd7 $11) 37... Kh7 $15 38. Bg7 Ra1+ (38... b4 $5 39. Bd4 Ra1+ 40. Kf2 Rf1+ 41. Ke3 Rh1 $11) 39. Kf2 {[%emt 0:01:20] The position is equal.} Rh1 40. Bd4 Rxh2+ 41. Kg3 Re2 42. Rxb5 Kh6 {[%emt 0:01:14][%cal Oc4c3] Hoping for ...c3!} 43. Rd5 Re6 44. Bc3 Be4 45. Bd2+ Kh7 46. Ra5 Re7 {Against Ra7.  Weighted Error Value: White=0.23 (precise) /Black=0.17 (very precise)} 1/2-1/2

[Event "French-ch Youth U18 2022"]
[Site "Agen"]
[Date "2022.04.21"]
[Round "6.7"]
[White "Randrianarimanana, Alicia"]
[Black "Renaudin, Axelle"]
[Result "1/2-1/2"]
[ECO "D45"]
[WhiteElo "1985"]
[BlackElo "1591"]
[Annotator "TA"]
[PlyCount "140"]
[EventDate "2022.04.17"]
[EventType "swiss"]
[EventCountry "FRA"]
[SourceTitle "playchess.com"]
[Source "ChessBase"]
[SourceQuality "1"]
[TimeControl "5400+30"]

1. d4 Nf6 2. c4 e6 3. Nf3 d5 4. Nc3 c6 5. e3 Nbd7 6. cxd5 exd5 7. Bd3 Bd6 8. O-O O-O 9. Qc2 Re8 10. Re1 {[%emt 0:04:10] D45: Semi-Slav: 5 e3.} Qc7 11. Bd2 a6 {[%emt 0:08:36] [#]} 12. e4 $146 ({Predecessor:} 12. Rac1 h6 13. g3 Re7 14. Bf1 Nb6 15. Nb1 Bg4 16. Nh4 Nbd7 17. Be2 g6 18. Bxg4 Nxg4 {1-0 (43) Cao,K-Nguyen,H Ha Tinh 2000}) 12... dxe4 13. Nxe4 h6 (13... Nxe4 14. Bxe4 (14. Rxe4 Rxe4 15. Bxe4 Nf6) 14... g6) (13... Nxe4 $11 14. Bxe4 (14. Rxe4 Rxe4 15. Bxe4 Nf6 $11) 14... g6) 14. Ng3 (14. Nxd6 {feels hotter.} Qxd6 15. Qb3 Nf8 16. Rxe8 Nxe8 17. Bb4) 14... Rxe1+ 15. Rxe1 Nf8 16. Qc1 {[%emt 0:12:22][%cal Od2h6] Black should prevent Bxh6!} Ne6 {[%emt 0:06:19] [#]} (16... Bg4 $11 {remains equal.}) 17. Nf5 (17. Bxh6 $1 $16 Qd8 (17... c5 18. dxc5) 18. Be3) 17... Bf4 (17... Nf4 $11 18. Bxf4 Bxf4) 18. g3 $16 Bxd2 19. Qxd2 ({Much worse is} 19. Nxd2 $6 Qd8 $11) 19... Qd8 {[%emt 0:17:02] [#]} 20. Bc2 {[%emt 0:07:01] 0x0.001ae9b7ab73dp-1022s more active pieces.} (20. Nxh6+ $1 $16 gxh6 21. Qxh6) 20... c5 $2 {[%emt 0:06:30] [#]} (20... Nd5 $11) 21. dxc5 $2 ({White should play} 21. Nxh6+ $1 $18 gxh6 22. Qxh6 cxd4 23. Ng5) 21... Qxd2 $11 22. Nxd2 Nxc5 23. Nd6 (23. b4 $5 Bxf5 24. Bxf5 $11) 23... Be6 24. b4 Ncd7 25. a3 b6 26. f4 Kf8 27. f5 Bd5 28. Nf1 Ne8 (28... Rd8 $15) 29. Ne4 (29. Ne3 $11 {keeps the balance.}) 29... Rc8 (29... Ne5 $5 30. Bd1 f6 $15) 30. Bd3 Bxe4 31. Rxe4 {[%emt 0:00:24] [#]} a5 (31... b5 $1 $17 32. Rd4 Nef6) 32. bxa5 bxa5 33. Rd4 Nef6 34. Bb5 Ke7 35. a4 Rc2 36. Ne3 Rc3 {[%emt 0:00:55][%mdl 8192] [#]} (36... Rc1+ $11 37. Kf2 Ne5) 37. Nc4 $2 ({White must play} 37. Rxd7+ $1 $18 Nxd7 38. Nd5+ Kd6 39. Nxc3) 37... Rc1+ 38. Kg2 Rc2+ 39. Rd2 Rxd2+ 40. Nxd2 {[%emt 0:00:01][%mdl 4096] Endgame KBN-KNN} Nc5 {[%emt 0:00:17] Prevents Nb3.} 41. Nc4 Nb3 42. Ne5 Ne4 43. g4 Nd6 44. Be2 Nc5 (44... f6 $5 45. Nf3 Ne4 $11) 45. Bd1 Nde4 46. Nc6+ Kd6 47. Nxa5 Nc3 48. Bc2 N3xa4 49. Kf3 Nc3 50. Nc4+ Kd5 51. Ne3+ Ke5 52. Nc4+ Kd5 53. Nd2 Nb5 {[%emt 0:01:18] Hoping for ...Nd4+.} 54. Kf4 Nd4 55. Bd3 Nxd3+ $19 56. Ke3 Ne5 {[%emt 0:00:40] ...Nc4+ is the strong threat.} 57. Kf4 Ne2+ 58. Ke3 Nc4+ $2 (58... Nc1 $19 {Strongly threatening ...Nc4+.} 59. h3 Nc4+ 60. Nxc4 Kxc4) 59. Nxc4 $11 {[%emt 0:00:10] The position is equal.} Kxc4 60. Kxe2 {[%emt 0:00:04] K3P-K3P} Kd4 {[%emt 0:00:04] ( -> ...Ke4)} 61. Kf3 Ke5 62. Ke3 h5 63. h3 hxg4 (63... h4 $5) 64. hxg4 {[%emt 0:00:01] KPP-KPP} f6 65. Kf3 Kd5 66. Kf4 Kd6 67. Kg3 Ke5 68. Kh4 Kd6 (68... Kf4 $5) 69. Kh5 {[%emt 0:00:26] Intending Kg6 and mate.} Ke7 $1 70. Kg6 Ke8 $2 {[%mdl 40960] What a bad dream for Black.  Weighted Error Value: White=0.51/Black=0.48. An unexpected result.} (70... Kf8 $11) 1/2-1/2

[Event "French-ch Youth U18 2022"]
[Site "Agen"]
[Date "2022.04.21"]
[Round "6.8"]
[White "Courjal, Pauline"]
[Black "Marchis Mouren, Emma"]
[Result "1-0"]
[ECO "C42"]
[WhiteElo "1976"]
[BlackElo "1350"]
[Annotator "TA"]
[PlyCount "77"]
[EventDate "2022.04.17"]
[EventType "swiss"]
[EventCountry "FRA"]
[SourceTitle "playchess.com"]
[Source "ChessBase"]
[SourceQuality "1"]
[TimeControl "5400+30"]

1. e4 e5 2. Nf3 Nf6 3. Nxe5 d6 4. Nf3 Nxe4 5. d4 d5 6. Bd3 Nf6 {[%emt 0:02:12] 6...Bd6 is setting a new trend. C42: Petroff Defence: 3 Nxe5 and unusual White 3rd moves.} 7. O-O Be7 8. h3 O-O {[%emt 0:04:21] White is slightly better.} 9. Bf4 {[%emt 0:01:12] [#]} Nh5 $146 ({Predecessor:} 9... c5 10. dxc5 Bxc5 11. Nbd2 Nc6 12. Nb3 Bb6 13. c3 h6 14. Nfd4 Bc7 15. Bxc7 Qxc7 {1-0 (47) Martinez Alcantara,J (2620)-Davtyan,D (2312) Chess.com INT 2020}) 10. Bh2 Bd6 11. Re1 Bxh2+ 12. Nxh2 Nf4 13. Bf1 Qg5 {[%emt 0:09:05] Hoping for ...Nxh3+.} 14. Kh1 $1 Bf5 15. Nd2 Nc6 16. Ndf3 Qf6 17. Qd2 Be4 18. Ne5 (18. Ng4 $5 Qf5 19. Nfh2 $11) 18... Nxe5 19. dxe5 Qf5 {[%emt 0:02:56] Loses the game.} ({Don't play} 19... Qxe5 20. f3 $16) (19... Qg5 $1 $15 {keeps the upper hand.} 20. f3 Bf5) 20. f3 $1 $18 Nxh3 $2 (20... Bxc2 21. g4 Qg5) 21. gxh3 Bxf3+ 22. Nxf3 Qxf3+ 23. Bg2 Qg3 24. Qxd5 c6 25. Qb3 Qxb3 26. axb3 Rfe8 27. Red1 {[%emt 0:01:29] Strongly threatening Rd7.} Re7 {[%emt 0:01:42] [#] Inhibits Rd7.} (27... Kf8 28. Rd7 Re7) 28. Rxa7 $1 Rb8 {[%emt 0:03:28] [#]} (28... Rc8 29. Bxc6) 29. Bxc6 $1 Rxe5 (29... Kf8 30. Rd7) 30. Rxb7 Rc8 31. Bd5 Rf5 32. Bc4 h6 33. Rdd7 Rf8 34. b4 {[%emt 0:00:15][%cal Od7f7] Threatens to win with Rxf7!} g5 {[%emt 0:00:42] [#]} 35. b5 (35. Rxf7 $142 $1 R5xf7 36. Rxf7 Rxf7 37. b5 Kf8 38. Bxf7 Kxf7 39. b6 Ke6 40. b7) 35... Kg7 {[%emt 0:00:17] [#]} 36. Bxf7 $1 R8xf7 (36... Re5 37. Bc4+) 37. Rxf7+ {[%emt 0:00:08] White mates.} ({Weaker is} 37. b6 Rf1+ 38. Kh2 R1f2+ 39. Kg3 R2f3+ 40. Kg4 R3f4+ 41. Kg3 Rf3+ 42. Kg2 Rf2+ 43. Kg1 Rf1+ 44. Kh2 R1f2+ 45. Kg3 R2f3+ $11) 37... Rxf7 38. Rxf7+ Kxf7 39. b6 {[%emt 0:00:05] Weighted Error Value: White=0.09 (flawless) /Black=1.23} 1-0

[Event "French-ch Youth U18 2022"]
[Site "Agen"]
[Date "2022.04.22"]
[Round "7.1"]
[White "Girel, Joseph"]
[Black "Harutyunyan, Safar"]
[Result "1-0"]
[ECO "E15"]
[WhiteElo "2394"]
[BlackElo "2217"]
[Annotator "TA"]
[PlyCount "57"]
[EventDate "2022.04.17"]
[EventType "swiss"]
[EventCountry "FRA"]
[SourceTitle "playchess.com"]
[Source "ChessBase"]
[SourceQuality "1"]
[TimeControl "5400+30"]

1. d4 Nf6 2. c4 e6 3. Nf3 b6 4. g3 Ba6 5. Qc2 c5 6. d5 {[%emt 0:00:22] Against Nc6. E15: Queen's Indian: 4 g3 sidelines, 4 g3 Ba6 and 4 g3 Bb7 early deviations.} Bb7 (6... exd5 $11 7. cxd5 Bb7) 7. Bg2 ({Better is} 7. e4 $16) 7... exd5 $11 8. cxd5 {[%emt 0:00:11] The position is equal.} Nxd5 9. O-O Nc6 10. Rd1 Be7 11. Qf5 (11. Rxd5 $2 Nb4 12. Qd1 Bxd5 $17) 11... Nf6 12. e4 O-O ({Black should play} 12... g6 $11 13. Qf4 O-O) 13. e5 $1 $14 {[%emt 0:02:10][%mdl 64] Hoping for Nc3. Deflection} Ne8 (13... g6 14. Qh3 $16) 14. Rxd7 Qc8 {[%emt 0:05:31] [#]} 15. e6 $146 ({White should try} 15. Nc3 $14 Nc7 16. Qg4) ({Predecessor:} 15. Nc3 Nb8 16. e6 Nd6 17. Rxd6 Bxd6 18. Ng5 g6 19. exf7+ Kg7 20. Ne6+ {1-0 (20) Torres,J (2267)-Handler,L (2327) Caldas Novas 2011}) 15... Nd4 16. Nxd4 $16 cxd4 17. Bg5 $40 {[%emt 0:30:23][%mdl 128] White is up to no good. Chess con chili.} (17. exf7+ $2 Rxf7 18. Qb5 Bxg2 19. Kxg2 a6 $19) (17. Nd2 $16 Bxg2 18. Kxg2) 17... Bxg5 $4 {[%emt 0:05:01][%mdl 8192] A mistake that costs the game.} (17... Nd6 $1 $11 18. Bxb7 Nxf5 19. Bxc8 Raxc8 20. Bxe7 Rc1+ 21. Kg2 Nxe7) 18. Bxb7 $18 ({Inferior is} 18. Qxg5 Bxg2 19. exf7+ Rxf7 20. Rxf7 Kxf7 $11) (18. exf7+ Kh8 19. Bxb7 Nd6 20. Qxg5 (20. Bxc8 Nxf5 21. Ba6 Rad8 $14) 20... Qxd7 21. Bxa8 Nxf7 $16) 18... Qc1+ 19. Kg2 {[%emt 0:00:01] Active counter play!} fxe6 (19... g6 20. exf7+ Kh8 21. Qe5+ (21. fxe8=Q Raxe8 22. Qd5 Qxb2 $11) (21. fxe8=R gxf5 22. Rxa8 Rxa8 $15) 21... Bf6) 20. Qxe6+ Kh8 {[%emt 0:00:01][%cal Og5e3] aiming for ...Be3!} 21. Bxa8 {[%emt 0:01:04][%cal Ob1c3] Strongly threatening Nc3!} Qxb2 {[%emt 0:00:06] [#]} 22. Rf7 Rg8 {[%emt 0:00:15] [#]} (22... Qb4 23. Bc6) 23. Bd5 $1 Qxa1 {[%emt 0:05:38] [#]} (23... Qb4 24. Rxg7) 24. Rf5 Nf6 {[%emt 0:00:06] [#]} 25. Rxf6 $1 Rd8 26. Rf5 {[%emt 0:00:12][%cal Oe6d6] White threatens Qd6! and mate.} Qxb1 27. Rxg5 {[%emt 0:00:07] Qe7 would kill now.} Qb4 {[%emt 0:00:29] [#]} 28. Rxg7 $3 Kxg7 (28... Qf8 29. Rg8+) 29. Qf7+ {[%emt 0:00:03] Weighted Error Value: White=0.20 (precise) /Black=1.39} 1-0

[Event "French-ch Youth U18 2022"]
[Site "Agen"]
[Date "2022.04.22"]
[Round "7.2"]
[White "Emmenecker, Pierre-Antoine"]
[Black "Decuigniere, Tom"]
[Result "0-1"]
[ECO "B27"]
[WhiteElo "2119"]
[BlackElo "2292"]
[Annotator "TA"]
[PlyCount "112"]
[EventDate "2022.04.17"]
[EventType "swiss"]
[EventCountry "FRA"]
[SourceTitle "playchess.com"]
[Source "ChessBase"]
[SourceQuality "1"]
[TimeControl "5400+30"]

1. e4 c5 2. Nf3 g6 3. c4 Nc6 4. d4 cxd4 5. Nxd4 Nf6 6. Nc3 Bg7 7. Be3 O-O 8. Be2 d6 9. O-O Bd7 10. Qd2 Nxd4 11. Bxd4 Bc6 12. f3 a5 13. Rfd1 Nd7 {[%emt 0:03:22] B38: Sicilian: Maroczy Bind with 5...Bg7 and 7...0-0.} 14. b3 {[%emt 0:14:28] 14.Bf2 is becoming the main line.} Bxd4+ 15. Qxd4 Qb6 {[%emt 0:01:57] The position is equal.} (15... Re8 {is more complex.} 16. Rac1 Nc5 17. g3 Qb6) 16. Qxb6 Nxb6 17. Kf2 Rac8 18. Rac1 Rfd8 {[%emt 0:07:13] [#]} 19. Rc2 $146 ({Predecessor:} 19. Rd2 Nd7 20. Ke3 Nc5 21. Rcd1 Re8 22. g3 Ra8 23. Rb1 b6 24. Bd1 {½-½ (70) Jorgensen,P (2310)-Josephsen,N Denmark 1989}) 19... Kf8 20. Rdc1 e6 21. Bf1 Be8 22. Ne2 Nd7 23. Rd2 Nc5 24. Rcd1 Ke7 25. Nc3 f5 26. exf5 gxf5 27. Re1 Bc6 28. Ne2 e5 29. Ng3 Rf8 30. Bd3 Nxd3+ 31. Rxd3 Rcd8 32. c5 e4 33. Rxd6 Rxd6 34. cxd6+ Kxd6 35. fxe4 fxe4+ $11 {[%emt 0:00:04][%mdl 4096] Endgame KRB-KRN} 36. Ke3 Kc5 37. a3 (37. Nxe4+ $2 Bxe4 38. Rc1+ Kd5 $19) 37... Bd5 38. Rc1+ ({But not} 38. Nxe4+ $2 Bxe4 39. Rc1+ Kd5 $19) 38... Kb5 39. Rc3 Rg8 40. Kd4 Bc6 41. h4 Rg4 42. Re3 a4 (42... Rxh4 $5 43. Nf5 Rg4 $15) 43. bxa4+ Kxa4 44. h5 Rg5 45. Rc3 $2 (45. Nxe4 $11 Rd5+ 46. Kc3) 45... Rd5+ $1 $19 46. Ke3 $2 (46. Kxe4 Rc5+ 47. Kd4 Rxc3 48. Kxc3) 46... Rd3+ $1 47. Rxd3 exd3 48. Kxd3 Kxa3 {[%emt 0:00:18] Hoping for ...b5. KB-KN} 49. Kd4 $2 (49. Ne4 Bxe4+ 50. Kxe4 b5 $19) (49. Nf5 Bxg2 50. Kc4) 49... b5 $1 50. Kc5 {[%emt 0:00:18] [#]} Be8 $2 ({Black should try} 50... Bd7 $1 $19 {And now ...b4 would win.} 51. Ne4 b4) 51. Nf5 $11 b4 52. Ne3 (52. Nd4 $1 $11 {was the only way to keep the balance.}) 52... b3 $17 ({Much worse is} 52... Bxh5 $6 53. Nc2+ Kb2 54. Nxb4 $11) 53. g4 {[%emt 0:00:13][%mdl 8192] [#]} (53. Nc4+ $17 Ka2 54. g4) 53... h6 $2 (53... Kb2 $1 $19 54. Nc4+ Kc3) 54. Kd4 $2 (54. Nc4+ $11 Ka2 55. g5 hxg5 56. h6) 54... Bd7 $2 (54... Bb5 $19 {( -> ...b2)} 55. Nd5 b2) 55. Kc3 {[%emt 0:00:31][%mdl 8192] [#]} (55. g5 $11) 55... Bxg4 $1 56. Nc4+ Ka2 {[%emt 0:00:06] Weighted Error Value: White=0.91/Black=0.57} 0-1

[Event "French-ch Youth U18 2022"]
[Site "Agen"]
[Date "2022.04.22"]
[Round "7.3"]
[White "Mathieu, Phileas"]
[Black "Mas, Victor"]
[Result "1/2-1/2"]
[ECO "C44"]
[WhiteElo "2323"]
[BlackElo "2190"]
[Annotator "TA"]
[PlyCount "185"]
[EventDate "2022.04.17"]
[EventType "swiss"]
[EventCountry "FRA"]
[SourceTitle "playchess.com"]
[Source "ChessBase"]
[SourceQuality "1"]
[TimeControl "5400+30"]

1. e4 e5 2. Nf3 Nc6 3. c3 d5 4. Qa4 f6 5. d3 Be6 6. Be2 Qd7 7. Nbd2 Bd6 8. b4 Nge7 9. O-O O-O 10. b5 Nd8 11. d4 Nf7 12. c4 c6 13. bxc6 bxc6 14. Ba3 Rfc8 15. Rfd1 exd4 16. Nxd4 c5 17. Qxd7 Bxd7 18. N4b3 d4 19. g3 (19. e5 $5 fxe5 20. Ne4 $11) 19... g5 (19... Rc7 $11) 20. Na5 (20. e5 $14 {stays ahead.} Bxe5 21. Rac1) 20... Rab8 (20... Rc7 $17) 21. Rab1 (21. Nab3 $1 $11 {keeps the balance.}) 21... Rb6 $17 22. Ndb3 (22. Nb7 $17 {might work better.}) 22... Ra6 23. Bc1 Ng6 24. Bd2 g4 25. Nb7 (25. Nxd4 {was called for.} cxd4 26. c5 Rxa5 27. Bxa5 Bxc5 28. Ba6) 25... Be7 $19 (25... Rxa2 $2 26. Ra1 Rb2 27. Rxa7 $19) 26. Nc1 Nge5 27. h3 h5 (27... gxh3 $2 28. f4 Ng4 29. Nd3 $19) 28. hxg4 hxg4 (28... Bxg4 $2 29. Bf4 $19) 29. Na5 Nd6 30. Nd3 Nexc4 $2 (30... Nxe4 $2 31. Rb7 Rd8 32. Nb3 Rxa2 33. Nxe5 fxe5 34. Bd3 $19) (30... Bd8 $19 31. Nb3 (31. Nxe5 $2 fxe5 32. Nb3 Nxe4 $19) 31... Nxe4 32. Nxe5 fxe5) 31. Nxc4 $16 Nxc4 32. Nf4 (32. Rb7 $1 $16 Nxd2 33. Rxd7) 32... Nxd2 $11 ({Don't do} 32... Ra4 33. Rb7 Ne5 34. Nd3 $16) 33. Bxa6 Nxb1 34. Bxc8 (34. Rxb1 $11 {remains equal.} Rd8 35. Bc4+ (35. Rb7 Bd6 $11) 35... Kf8 36. Rb7) 34... Nc3 ({Better is} 34... Bxc8 $17 35. Rxb1 Ba6) 35. Rxd4 ({White should play} 35. Bxd7 $15 Nxd1 36. Kf1) 35... Bxc8 $19 (35... cxd4 36. Bxd7 Bd6 37. Nd5 $11) 36. Rc4 Nb5 (36... Nxa2 37. Nd5 Kf7 38. Rc2 $11) 37. Nd5 Bd6 38. Nxf6+ Kf7 39. e5 {[%emt 0:00:48] [#]} (39. Nxg4 $142 Bxg4 40. e5) 39... Bxe5 $2 (39... Be6 $1 $17 40. Ra4 Bxe5) 40. Rxc5 $11 Kxf6 41. Rxc8 Nd4 42. Kg2 Nf3 43. Rc6+ Kf5 44. Rc5 Ke4 45. Rc1 Bd4 46. Rb1 Kd3 47. Rb8 Ne5 48. Kf1 a5 49. a4 $1 Bc3 50. Rb6 Bb4 51. Rb5 $2 (51. Re6 $1 $11 {and White has nothing to worry.} Nc4 52. Kg2) 51... Ke4 $2 ({Black should try} 51... Nf3 $1 $19 {Threatens to win with ...Kc4.} 52. Rb8 Nd2+ 53. Ke1 Nc4+ 54. Kf1 Kc3) 52. Ke2 $11 Kd4 53. Rb8 Ke4 54. Rb7 Nc6 55. Rg7 Nd4+ 56. Kf1 Kf5 57. Rf7+ Kg5 58. Rg7+ Kf5 59. Rf7+ Kg5 60. Rd7 Ne6 61. Rd5+ Kf6 62. f3 $2 (62. Ke2 $11) 62... gxf3 $19 63. Kf2 Ng5 $1 ({And not} 63... Nc5 64. Kxf3 Ke6 65. Rh5 $15) 64. g4 {[%emt 0:01:09] [#]} Kg6 $2 (64... Bc5+ $1 65. Kg3 (65. Ke1 f2+) 65... f2 $1 66. Kg2 Ne4 67. Rf5+ Kg6 68. Rf4 Nd2 69. Rxf2 Bxf2 70. Kxf2 Nc4 71. Ke2 Nb6 72. Kf3 Kg5 73. Kg3 Nxa4 74. Kf3 Nb6 75. Ke4 Kxg4 76. Kd4 a4 77. Kd3 Kf4 78. Kd4 a3 79. Kc3 Ke4 80. Kb3 Nc4 $1 81. Ka2 Kd3 82. Kb3 Kd4 83. Ka2 Kc3 84. Ka1 Ne3 85. Kb1 Kb3 86. Kc1 a2 87. Kd2 Nc4+ 88. Ke2 a1=Q 89. Kf2 Qf6+ 90. Kg2 Ne3+ 91. Kg3 Kc3 92. Kh2 Qf3 93. Kg1 Qg2#) 65. Rb5 $2 {[%emt 0:00:18] [#]} (65. Ke3 $19) 65... Ne4+ $2 (65... Bc5+ $1 {[%mdl 512] mates} 66. Kg3 f2 $1 67. Kg2 Ne4 68. Rb2 Kg5 69. Rc2 Kxg4 70. Rc4 Kf4 71. Rc2 Ke3 72. Rc1 Nd2 $1 73. Ra1 Ke2 74. Kh3 f1=Q+ 75. Rxf1 Kxf1 76. Kh4 Nc4 77. Kg5 Nb6 78. Kf5 Nxa4 79. Ke4 Nb6 80. Kd3 a4 81. Kc3 Ke2 82. Kc2 Nc4 83. Kc1 Nd2 84. Kb2 Kd3 85. Ka1 Kc3 86. Ka2 Kc2 87. Ka1 Nb3+ 88. Ka2 Nc1+ 89. Ka1 Bd4#) 66. Kxf3 $11 Nc3 67. Rf5 Nxa4 68. Ke4 Nb2 69. Rf2 Bc3 70. Rc2 Bf6 71. Rc6 a4 72. Ra6 Kg5 73. Ke3 Bc3 74. Rc6 Bb4 75. Ra6 a3 76. Ke4 Kxg4 77. Rg6+ Kh5 78. Rg1 Bc5 79. Rc1 Bb4 80. Rg1 Kh4 81. Kf3 Bc3 82. Rf1 $2 (82. Rg6 $11) 82... Nc4 $19 83. Ke2 {[%emt 0:00:08] [#]} Ne5 $2 (83... Be5 $1 $19 84. Kd3 Na5 85. Rh1+ Kg4) 84. Rf4+ $1 $11 Kg5 (84... Kg3 $5 85. Ra4 Kh2 $11) 85. Ra4 Bb2 86. Kd2 Nf3+ 87. Kc2 Nd4+ 88. Kb1 Kf6 89. Ka2 Nb5 90. Ra6+ Ke7 91. Ra5 Nc3+ 92. Kb3 Nb1 93. Rxa3 1/2-1/2

[Event "French-ch Youth U18 2022"]
[Site "Agen"]
[Date "2022.04.22"]
[Round "7.4"]
[White "Maugenest, Ghislain"]
[Black "Lafourcade, Victor"]
[Result "1-0"]
[ECO "E06"]
[WhiteElo "2256"]
[BlackElo "2055"]
[Annotator "TA"]
[PlyCount "97"]
[EventDate "2022.04.17"]
[EventType "swiss"]
[EventCountry "FRA"]
[SourceTitle "playchess.com"]
[Source "ChessBase"]
[SourceQuality "1"]
[TimeControl "5400+30"]

1. d4 Nf6 2. c4 e6 3. Nf3 d5 4. g3 Be7 5. Bg2 O-O 6. O-O dxc4 7. Ne5 c5 8. dxc5 Bxc5 9. Qxd8 Rxd8 10. Nd2 {[%emt 0:00:34][%cal Bb1d2,Bd2c4,Bc4e5][%mdl 32] E05: Open Catalan: 5 Nf3 Be7.} Nc6 11. Nxc6 (11. Ndxc4 $5 Bd7 12. Bxc6 Bxc6 13. Nxc6 bxc6 14. Bg5 $11) 11... bxc6 {[%emt 0:00:08] [#]} 12. Nxc4 $146 {[%emt 0:00:06] The position is equal.} ({Predecessor:} 12. Bxc6 Rb8 13. Nxc4 Ba6 14. Bf4 Bxc4 15. Bxb8 Rxb8 16. Rfc1 Rc8 17. Rxc4 Rxc6 18. Kg2 a5 19. Rac1 Nd7 20. Rd1 Nf8 21. Rdc1 {½-½ (21) Hassen,M (1972)-Strugach,A (2117) Lansing 2009}) 12... Ba6 13. Ne5 Bxe2 14. Re1 Bh5 (14... Bb5 $11 {remains equal.}) 15. Nxc6 $16 Rdc8 16. Be3 Nd5 17. Bxc5 Rxc6 18. b4 $36 {[%emt 0:01:52][%cal Oc5a7][%mdl 2048] White is more active.} h6 {[%emt 0:06:05] White stays focused until the end.} 19. Re5 Bg6 20. Rxd5 exd5 21. Bxd5 {[%emt 0:00:08] This bishop pair is nice.} Rcc8 22. Bxa8 {[%emt 0:00:16] White is more active.} Rxa8 {[%emt 0:00:02][%mdl 4096] Endgame KRB-KRB} 23. b5 Rb8 24. a4 ({Don't do} 24. Bxa7 Rxb5 25. a4 Rb1+ 26. Rxb1 Bxb1 $16) 24... Rb7 25. f3 Kh7 26. Kf2 {[%emt 0:00:59] Black must now prevent Ke3.} Bc2 (26... Rc7 $142) 27. Ke3 $18 {[%emt 0:01:17][%cal Oc5a7] Strongly threatening Bxa7!} Rd7 {[%emt 0:00:06] [#]} 28. Bd4 (28. Bxa7 $142 $1 {[%mdl 512] b6 is the strong threat.} Rd3+ 29. Ke2) 28... Kg6 $2 (28... Bb3 29. a5 Bc4) 29. a5 Rb7 30. b6 axb6 31. a6 Rb8 32. a7 Ra8 33. Bxb6 Bf5 34. Bc7 Kf6 35. Bb8 h5 36. h4 g6 (36... g5 $142 37. Ra6+ Ke7) 37. Kf4 Be6 38. Ra5 Kg7 39. g4 hxg4 40. fxg4 Bc4 41. g5 Bd3 42. Rd5 {[%emt 0:00:49] White mates.} Bc4 43. Rd8 Kh7 44. Ke5 Be6 45. Kf6 Bc4 46. Rf8 Be6 47. Rxf7+ Bxf7 48. Kxf7 Rxb8 49. axb8=B {[%emt 0:00:11] Weighted Error Value: White=0.08 (flawless) /Black=0.44} 1-0